 Dungeon Crawl Stone Soup version 0.30-a0-777-ga9a30cbeda (webtiles) character file.

Game seed: 12869217225521544802

241 sircluck the Covert (level 5, -3/26 HPs)
             Began as a Spriggan Brigand on Feb 13, 2023.
             Shot with an arrow by a centaur (4 damage)
             ... on level 5 of the Dungeon.
             The game lasted 00:11:26 (3033 turns).

sircluck the Covert (Spriggan Brigand)              Turns: 3033, Time: 00:11:26

Health: -3/26      AC:  5    Str:  7    XL:     5   Next: 80%
Magic:  6/6        EV: 18    Int: 12    God:
Gold:   167        SH:  0    Dex: 19    Spells: 4/4 levels left

rFire   . . .      SeeInvis +    a - +2 dagger
rCold   + . .      Faith    .    (no shield)
rNeg    . . .      Spirit   .    r - +2 robe {rC+}
rPois   .          Reflect  .    (helmet restricted)
rElec   .          Harm     .    c - +0 cloak
rCorr   .          Rampage  .    (gloves unavailable)
Will    .....                    (boots unavailable)
Stlth   ++++                     (no amulet)
HPRegen 0.24/turn                (no ring)
MPRegen 0.10/turn                (no ring)

@: very quick
A: very small, no large weapons, unfitting armour, see invisible, speed 3
a: no special abilities


You were on level 5 of the Dungeon.
You visited 1 branch of the dungeon, and saw 5 of its levels.

You collected 167 gold pieces.

Inventory:

Hand Weapons
 a - a +2 dagger (weapon)
Missiles
 i - 8 stones (quivered)
Armour
 b - a +0 robe
 c - a +0 cloak (worn)
 r - a +2 robe of cold resistance (worn)
Wands
 e - a wand of flame (31)
Scrolls
 f - 3 scrolls of identify {unknown}
 g - 2 scrolls of teleportation {unknown}
 j - 2 scrolls of enchant armour {unknown}
 k - a scroll of immolation {unknown}
 l - 4 scrolls of amnesia {unknown}
 m - a scroll of magic mapping {unknown}
 p - a scroll of butterflies {unknown}
 q - a scroll of fog {unknown}
 s - a scroll of fear {unknown}
Potions
 d - 2 potions of lignification {unknown}
 h - 2 potions of curing {unknown}
 n - a potion of invisibility {unknown}
 o - a potion of brilliance {unknown}
 u - a potion of cancellation {unknown}


   Skills:
 + Level 2.2 Fighting
 + Level 3.7 Short Blades
 + Level 2.8 Throwing
 + Level 3.1 Dodging
 + Level 8.2 Stealth


You had 4 spell levels left.
You didn't know any spells.
Your spell library contained the following spells:

 Spells                   Type           Power      Damage    Failure   Level
 Summon Ice Beast         Ice/Summ       0%         N/A       97%         4
 Summon Mana Viper        Hex/Summ       0%         N/A       100%        5
 Monstrous Menagerie      Summ           0%         N/A       100%        7


Dungeon Overview and Level Annotations

Branches:
Dungeon (5/15)             Temple (0/1) D:5

Altars:

Shops:
D:1 *   D:5 =

Annotations:
D:3 Grinder


Innate Abilities, Weirdness & Mutations

You are very small and have problems with some larger weapons.
You are too small for most types of armour.
You have supernaturally acute eyesight. (SInv)
You cover ground extremely quickly. (Speed+++)


Message History

There is an open door here.
You barely miss the scorpion. The scorpion stings you.
You are poisoned.
The scorpion poisons you!
You hit the scorpion but do no damage.
You feel very sick. The scorpion barely misses you.
You feel sick.
You feel sick.
* * * LOW HITPOINT WARNING * * *
You feel sick.
* * * LOW HITPOINT WARNING * * *
You feel sick.
* * * LOW HITPOINT WARNING * * *
You feel sick.
* * * LOW HITPOINT WARNING * * *
You feel sick.
* * * LOW HITPOINT WARNING * * *
You feel sick.
You open the door.
* * * LOW HITPOINT WARNING * * *
You feel sick.
There is an open door here.
* * * LOW HITPOINT WARNING * * *
You feel sick.
* * * LOW HITPOINT WARNING * * *
You feel sick.
You are no longer poisoned.
Found 15 gold pieces.
Found a dagger.
An adder comes into view.
The adder misses you.
The centaur shouts!
The centaur wields a +0 shortbow.
The centaur shoots an arrow.
The arrow hits you!
* * * LOW HITPOINT WARNING * * *
The centaur shoots an arrow.
The arrow misses you.
The centaur shoots an arrow.
The arrow completely misses you.
The centaur shoots an arrow.
The arrow hits you.
You die...

#..........#.## #.......
#.......##..... ........
#.............. ........
#........##............#
#...............$......#
#..[...........#######.#
#......S....c..+ #.#
#..............#####.#..
#......@.......#.....###
######..............##.#
#....<.........##.#
##+####........##.#
####+## #........##.#
.$..... #........##.#
.......##†#.........#
......)Yo.#.#.###....
.......####.8.##.....


You could see a centaur and an adder.

Vanquished Creatures
  An iguana (D:4)
  Robin (D:3)
  7 adders
  3 worms
  A dart slug (D:3)
  13 orcs
  5 ball pythons
  5 endoplasms
  3 giant cockroaches
  14 goblins
  10 hobgoblins
  12 jackals
  8 kobolds
  8 quokkas
  5 bats
  3 frilled lizards
  6 rats
105 creatures vanquished.

Vanquished Creatures (others)
  A fungus (D:2)
  A plant (D:2)
2 creatures vanquished.

Grand Total: 107 creatures vanquished

Notes
Turn   | Place    | Note
-------+----------+-------------------------------------------
     0 | D:1      | sircluck the Spriggan Brigand began the quest for the Orb.
     0 | D:1      | Reached XP level 1. HP: 10/10 MP: 2/2
    19 | D:1      | Reached skill level 6 in Stealth
    74 | D:1      | Reached XP level 2. HP: 11/14 MP: 3/3
   218 | D:1      | Found Jionuffota's Assorted Antiques.
   354 | D:1      | Reached skill level 7 in Stealth
   606 | D:2      | Reached XP level 3. HP: 14/18 MP: 4/4
  1062 | D:2      | Found a faded altar of an unknown god.
  1071 | D:2      | Reached XP level 4. HP: 17/23 MP: 5/5
  1189 | D:2      | You fall into a shaft and drop 1 floor!
  1338 | D:3      | Noticed Robin
  1340 | D:3      | Noticed Grinder
  1402 | D:3      | Killed Robin
  1721 | D:3      | Reached skill level 8 in Stealth
  1761 | D:3      | Reached XP level 5. HP: 26/26 MP: 6/6
  2224 | D:4      | Noticed a phantom
  2533 | D:4      | Noticed an ogre
  2685 | D:5      | Entered Level 5 of the Dungeon
  2685 | D:5      | Noticed a centaur
  2687 | D:5      | Found a staircase to the Ecumenical Temple.
  2714 | D:5      | Noticed an ice beast
  2774 | D:5      | Found Ytoaheo's Jewellery Emporium.
  2984 | D:5      | HP: 1/26 [poisoned by a scorpion]
  3030 | D:5      | HP: 1/26 [centaur/arrow (7)]
  3033 | D:5      | Shot with an arrow by a centaur

Illustrated notes

Levels and vault maps discovered:
D:1:      dpeg_arrival_round_b, layout_rooms, serial_shops,
          nicolae_shop_overgrown_old_shop
D:2:      layout_rooms, shapermc_ecumenical_altar_acropolis
D:3:      cheibrodos_helix_gallery, layout_basic, mrwooster_statue_mirror,
          uniq_grinder, uniq_robin
D:4:      layout_basic, kennysheep_okawaru_gauntlet,
          mainiacjoe_overflow_big_doors, minmay_mini_jars
D:5:      layout_basic, lemuel_mausoleum_altar_yredelemnul,
          mainiacjoe_overflow_surrounded_room,
          minmay_temple_entry_statues_pillars, serial_shops, shop,
          shop_fountains, nicolae_take_the_stairs, minmay_pentangle,
          uniq_sigmund

Skill      XL: |  1  2  3  4  5 |
---------------+----------------+-----
Stealth        | 6 7 8 |  8.2
Fighting       | 2 |  2.2
Dodging        | 2 3 |  3.1
Short Blades   | 3 |  3.7
Throwing       | |  2.8

Action                     |  1- 3 |  4- 6 || total
---------------------------+-------+-------++-------
  Melee: Dagger            |   140 |   275 ||   415
         Punch             |     2 |     2 ||     4
  Throw: Dart              |     9 |    32 ||    41
         Stone             |       |    38 ||    38
   Stab: Sleeping          |    12 |     5 ||    17
 Armour: Robe              |    23 |    49 ||    72
  Dodge: Dodged            |   108 |   211 ||   319

Table legend: (Time is in decaauts)
 A = Elapsed time spent in this place.
 B = Non-inter-level travel time spent in this place.
 C = Inter-level travel time spent in this place.
 D = Time resting spent in this place.
 E = Time spent auto-exploring this place.
 F = Levels seen in this place.
 G = Mean time per level.
                   A        B        C        D        E       F      G
               +--------+--------+--------+--------+--------+-----+--------+
         Total |   2147 |   2139 |      8 |     68 |    915 |   5 |  429.4 |
       Dungeon |   2147 |   2139 |      8 |     68 |    915 |   5 |  429.4 |
               +--------+--------+--------+--------+--------+-----+--------+

Top non-repeatable levels by time:
     D:3: 559 daAuts
     D:4: 507 daAuts
     D:2: 421 daAuts
     D:1: 416 daAuts
     D:5: 242 daAuts
